 Dungeon Crawl Stone Soup version 0.21.1-1-g345015f (webtiles) character file.

258 inc the Changer (level 6, -2/38 HPs)
             Began as an Octopode Transmuter on June 11, 2018.
             Was an Initiate of Gozag.
             Slain by an ice beast (14 damage)
             ... on level 5 of the Dungeon.
             The game lasted 00:05:57 (3948 turns).

inc the Changer (Octopode Transmuter)               Turns: 3948, Time: 00:05:57

Health: -2/38      AC:  2    Str: 14    XL:     6   Next: 16%
Magic:  7/9        EV: 21    Int: 18    God:    Gozag
Gold:   201        SH:  0    Dex: 17    Spells: 1/9 levels left

rFire    . . .     SeeInvis .     - Unarmed
rCold    . . .     Gourm    .   (shield currently unavailable)
rNeg     . . .     Faith    .   (helmet currently unavailable)
rPois    x         Spirit   .   (no amulet)
rElec    .         Reflect  .   k - +5 ring of strength
rCorr    .         Harm     .   (no ring)
MR       .....                  (no ring)
Stlth    ++........             (no ring)
HPRegen  0.12/turn              (no ring)
MPRegen  0.11/turn              (no ring)
                                (no ring)
                                (no ring)

@: spider-form
A: tiny, almost no armour, stealthy swim, (amphibious), 8 rings, (constrict 8)
a: End Transformation, Potion Petition, Call Merchant, Bribe Branch, Renounce
Religion


You were on level 5 of the Dungeon.
You worshipped Gozag.
Gozag was aware of your devotion.
You were hungry.
You were a venomous arachnid creature.
You visited 2 branches of the dungeon, and saw 7 of its levels.

You collected 264 gold pieces.
You paid 63 gold pieces to Gozag.

Inventory:

Missiles
 a - 65 arrows
Jewellery
 k - a +5 ring of strength (left front leg)
Wands
 s - a wand of flame (1)
Scrolls
 e - a scroll of teleportation {unknown}
 g - a scroll of random uselessness
 h - 3 scrolls of remove curse
 i - a scroll of amnesia
 j - a scroll of noise {unknown}
 n - a scroll of identify
Potions
 d - 3 potions of haste
 f - a potion of agility {unknown}
 l - 2 potions of curing
 m - a potion of cancellation {unknown}
 o - a potion of heal wounds
 p - a potion of mutation {unknown}
 r - a potion of might
 u - a potion of ambrosia {unknown}
Books
 b - a book of Changes

   Spells                             Type                      Level
   a - Beastly Appendage              Transmutation                1
   b - Sticks to Snakes               Transmutation                2
   c - Spider Form                    Transmutation/Poison         3
   d - Ice Form                       Ice/Transmutation            4
   e - Blade Hands                    Transmutation                5
Comestibles
 c - 9 rations


   Skills:
 - Level 1.0 Fighting
 - Level 3.4 Dodging
 - Level 3.0 Unarmed Combat
 - Level 2.0 Spellcasting
 + Level 5.1 Transmutations
 - Level 2.3 Poison Magic


You had one spell level left.
You knew the following spells:

 Your Spells              Type           Power        Failure   Level  Hunger
a - Beastly Appendage     Tmut           ###...       9%          1    #......
b - Spider Form           Tmut/Pois      ###.......   28%         3    ###....
c - Ice Form              Ice/Tmut       ##......     75%         4    #####..


Dungeon Overview and Level Annotations

Branches:
Dungeon (6/15)             Temple (1/1) D:4

Altars:
Ashenzari
Cheibriados
Fedhas
Gozag
Hepliaklqana
Kikubaaqudgha
Makhleb
Okawaru
Qazlal
Sif Muna
Trog
Uskayaw
Vehumet
Wu Jian
Zin
The Shining One

Shops:
D:5 (

Annotations:
D:3 wilfster70's ghost, weakling HaWr


Innate Abilities, Weirdness & Mutations

You cannot wear most types of armour.
You are very stealthy in the water. (Stealth+)
((You are amphibious.))
You can wear up to eight rings at the same time.
((You can use your tentacles to constrict eight enemies at once.))
((Your skin changes colour to match your surroundings (Stealth+).))
((Your rubbery body absorbs attacks. (AC +1, EV +1)))


Message History

You barely miss the ice beast.
The ice beast is moderately wounded.
The ice beast hits you. The ice beast freezes you.
You barely miss the ice beast.
The ice beast is moderately wounded.
The ice beast completely misses you.
You closely miss the ice beast.
The ice beast is lightly wounded.
The ice beast barely misses you.
You hit the ice beast.
The ice beast is moderately wounded.
The ice beast hits you but does no damage.
You hit the ice beast but do no damage.
The ice beast is moderately wounded.
The ice beast hits you. The ice beast freezes you!
You bite the ice beast!
The ice beast is heavily wounded.
The ice beast hits you. The ice beast freezes you!
You die...
Your body crumbles into a pile of gold.

#.###### *,.∩..# *,,*,****
*#.#.## ****,(.%.# *,,,,,,,,
.#....#######,,,,....* *,**,****
.#............###...##***,**,****
........####.,...#...,,,,,**,,,,,
.#......# *#.##.#.#*************
.##...#.# #......# ...#.##.#
####Y### ##.###*,# ###s#
*#.#***,*** #...# #.#*,,,,,*
#.### #.#*,,,,,*###.######
##.##,,,,,*#...>....#
#...#,,,,,*#.#.##.#.#
..#.#,,,,,*#.#.##.#.#
#...#******#.#...)#.# #######*
#.#.#..#.#


You could see an ice beast.

Vanquished Creatures
  A crimson imp (D:3)
  A hound (D:2)
  A centaur skeleton (D:5)
  3 worker ants
  An adder (D:3)
  An ooze (D:1)
  A worm (D:2)
  4 dart slugs
  4 leopard geckos
  An orc (D:3)
  2 ball pythons (D:1)
  13 bats
  3 giant cockroaches
  5 goblins
  7 hobgoblins
  4 jackals (D:1)
  A quokka (D:5)
  2 frilled lizards
  A jackal skeleton (D:4)
  11 kobolds
  5 rats
72 creatures vanquished.

Notes
Turn   | Place    | Note
-------+----------+-------------------------------------------
     0 | D:1      | inc the Octopode Transmuter began the quest for the Orb.
     0 | D:1      | Reached XP level 1. HP: 13/13 MP: 3/3
    26 | D:1      | Reached XP level 2. HP: 15/18 MP: 5/5
   260 | D:1      | Reached XP level 3. HP: 20/23 MP: 6/6
   386 | D:1      | Learned a level 3 spell: Spider Form
   934 | D:1      | Reached skill level 1 in Poison Magic
  1226 | D:2      | Reached XP level 4. HP: 20/28 MP: 7/7
  1808 | D:2      | Found a burning altar of Makhleb.
  1819 | D:2      | Reached skill level 3 in Transmutations
  2088 | D:3      | Noticed wilfster70's ghost (weakling HaWr)
  2234 | D:3      | Reached XP level 5. HP: 28/33 MP: 6/8
  2335 | D:3      | Found a radiant altar of Vehumet.
  2335 | D:3      | Found a burning altar of Makhleb.
  2344 | D:3      | Reached skill level 4 in Transmutations
  2563 | D:3      | You fall through a shaft for 3 floors!
  2576 | D:5      | Entered Level 5 of the Dungeon
  2790 | D:4      | Found a staircase to the Ecumenical Temple.
  2820 | Temple   | Entered the Ecumenical Temple
  2878 | Temple   | Became a worshipper of Gozag Ym Sagoz the Greedy
  3604 | D:5      | Reached XP level 6. HP: 24/38 MP: 7/9
  3637 | D:5      | Reached skill level 5 in Transmutations
  3902 | D:5      | Learned a level 4 spell: Ice Form
  3935 | D:5      | Found Keusei's Antique Weapon Emporium.
  3935 | D:5      | Noticed an ice beast
  3948 | D:5      | Slain by an ice beast

Skill      XL: |  1  2  3  4  5  6 |
---------------+-------------------+-----
Dodging        | 3 |  3.4
Poison Magic   | 1 2 |  2.3
Transmutations | 3 4 5 |  5.1
Fighting       | |  1.0
Unarmed Combat | |  3.0
Spellcasting   | |  2.0

Action                   |  1- 3 |  4- 6 || total
-------------------------+-------+-------++-------
Melee: Unarmed           |    97 |   104 ||   201
       Tentacles         |    20 |    21 ||    41
       Constrict         |    29 |    17 ||    46
       Punch             |     2 |     2 ||     4
       Kick              |       |     2 ||     2
 Cast: Spider Form       |       |     3 ||     3
       Beastly Appendage |       |     2 ||     2
  Use: Scroll            |       |    13 ||    13
 Stab: Sleeping          |     6 |     8 ||    14
  Eat: Chunk             |     1 |     5 ||     6
       Ration            |       |     1 ||     1
Armor: Skin              |    21 |     6 ||    27
Dodge: Dodged            |    80 |    65 ||   145
